 Dungeon Crawl Stone Soup version 0.29-a0-270-g1586fc07ea (webtiles) character file.

Game seed: 9271242903191380938

298 Esekla the Sneak (level 6, 0/44 HPs)
             Began as an Octopode Delver on Mar 8, 2022.
             Succumbed to a scorpion's poison
             ... on level 5 of the Dungeon.
             The game lasted 00:07:20 (3177 turns).

Esekla the Sneak (Octopode Delver)                  Turns: 3177, Time: 00:07:21

Health: 0/44       AC:  1    Str: 11    XL:     6   Next: 36%
Magic:  8/8        EV: 14    Int: 20    God:
Gold:   22         SH:  0    Dex: 14    Spells: 8/8 levels left

rFire   . . .      SeeInvis .   a - +0 long sword
rCold   . . .      Faith    .   (no shield)
rNeg    . . .      Spirit   .   (helmet restricted)
rPois   .          Reflect  .   (no amulet)
rElec   .          Harm     .   g - +6 ring of intelligence
rCorr   .          Rampage  .   (no ring)
Will    .....                   (no ring)
Stlth   ++++......              (no ring)
HPRegen 0.14/turn               (no ring)
MPRegen 0.11/turn               (no ring)
                                (no ring)
                                (no ring)

@: lethally poisoned (0 -> -7)
A: almost no armour, amphibious, 8 rings, camouflage 1, gelatinous body 1,
(nimble swimmer 1), tentacles
a: no special abilities


You were on level 5 of the Dungeon.
You visited 2 branches of the dungeon, and saw 3 of its levels.

You collected 22 gold pieces.

Inventory:

Hand Weapons
 a - a +0 long sword (weapon)
 s - a +1 dagger of draining
Missiles
 k - 4 boomerangs (quivered)
Jewellery
 g - a +6 ring of intelligence (left tentacle)
Wands
 f - a wand of digging (3)
 l - a wand of flame (22)
Scrolls
 b - a scroll of fog
 c - a scroll of magic mapping
 d - 2 scrolls of fear
 h - a scroll of vulnerability {unknown}
 i - a scroll of brand weapon {unknown}
 j - 2 scrolls of identify {unknown}
 m - a scroll of teleportation {unknown}
Potions
 e - a potion of haste


   Skills:
 * Level 4.4 Fighting
 * Level 4.3 Long Blades
 * Level 3.2 Dodging
 - Level 6.6 Stealth
 * Level 1.8 Spellcasting


You had 8 spell levels left.
You didn't know any spells.
Your spell library was empty.

Dungeon Overview and Level Annotations

Branches:
Dungeon (5/15)             Temple (1/1) D:4

Altars:
Ashenzari
Cheibriados
Dithmenos
Elyvilon
Hepliaklqana
Kikubaaqudgha
Makhleb
Nemelex Xobeh
Okawaru
Qazlal
Ru
Sif Muna
Trog
Uskayaw
Vehumet
Yredelemnul
Zin
The Shining One


Innate Abilities, Weirdness & Mutations

You cannot wear most types of armour.
You are amphibious.
You can wear up to eight rings at the same time.
Your skin changes colour to match your surroundings (Stealth+).
Your rubbery body absorbs attacks. (AC +1, EV +1)
((You are camouflaged when in or above water. (Stealth+)))
You have tentacles for arms and can constrict up to eight enemies at once.


Message History

Ijyb shouts!
You hit Ijyb but do no damage. Your grab misses Ijyb. Your squeeze misses Ijyb.
Ijyb zaps a wand.
The puff of flame hits you!
You hit Ijyb but do no damage. You drain Ijyb. You grab Ijyb.
Ijyb is lightly wounded.
You constrict Ijyb, but do no damage. Ijyb hits you with a +0 club.
You hit Ijyb.
Ijyb is lightly wounded.
You constrict Ijyb, but do no damage.
a - a +0 long sword (weapon)
You constrict Ijyb, but do no damage.
Ijyb zaps a wand.
The puff of flame hits you!
You hit Ijyb. You squeeze Ijyb.
Ijyb is moderately wounded.
You constrict Ijyb. Ijyb barely misses you.
You slash Ijyb! You squeeze Ijyb, but do no damage.
Ijyb is severely wounded.
You constrict Ijyb. Ijyb hits you with a +0 club.
You hit Ijyb. You squeeze Ijyb.
You kill Ijyb!
The scorpion misses you.
You closely miss the scorpion. You grab the scorpion.
You constrict the scorpion. The scorpion stings you!
* * * LOW HITPOINT WARNING * * *
You hit the scorpion.
Your tentacle-slap misses the scorpion.
The scorpion is lightly wounded.
You constrict the scorpion. The scorpion misses you. The scorpion stings you!
* * * LOW HITPOINT WARNING * * *
You are lethally poisoned!
The scorpion poisons you!
You hit the scorpion but do no damage. You squeeze the scorpion.
The scorpion is moderately wounded.
You constrict the scorpion.
* * * LOW HITPOINT WARNING * * *
You feel very sick. The scorpion closely misses you.
Okay, then.
You hit the scorpion but do no damage. You squeeze the scorpion!
You kill the scorpion!
You die...

#........##...... ....
...#####'######...... .(..
...# #......####.## ....
#..# #.####.# #.# ... #s?#
#.#..#.# #.# #..#.g#
#.#....# #.# #..#..#
#.##.######.#
##.#....g#####.##.#......##
........g)@......>#........
.#.#.###g###.####.#########
#.# #.# #.# #.# #.# #.# #.#
#.# #.# #.# #.# #.# #.# #.#
#.# #.# ... #.. ####


You could see a gnoll shaman and 2 gnolls.

Vanquished Creatures
  A necrophage (D:5)
  A scorpion (D:5)
  A howler monkey (D:4)
  2 hounds
  Ijyb (D:5)
  An iguana (D:5)
  2 gnolls (D:5)
  2 adders (D:4)
  A white imp (D:5)
  An ufetubus (D:4)
  A worm (D:4)
  2 orcs (D:4)
  2 endoplasms (D:4)
  4 giant cockroaches (D:4)
  A goblin (D:4)
  3 hobgoblins (D:4)
  4 jackals (D:5)
  A quokka (D:4)
  3 ball pythons (D:4)
34 creatures vanquished.

Vanquished Creatures (others)
  3 plants (D:4)
3 creatures vanquished.

Grand Total: 37 creatures vanquished

Notes
Turn   | Place    | Note
-------+----------+-------------------------------------------
     0 | D:5      | Esekla the Octopode Delver began the quest for the Orb.
     0 | D:5      | Reached XP level 1. HP: 16/16 MP: 1/1
     9 | D:5      | Noticed a gnoll shaman
    23 | D:5      | Reached XP level 2. HP: 14/21 MP: 2/2
    24 | D:5      | HP: 1/21 [gnoll/+0 whip (1)]
   323 | D:5      | Noticed a necrophage
   347 | D:5      | Reached XP level 3. HP: 5/26 MP: 4/4
   770 | D:5      | Noticed Ijyb
   770 | D:5      | Noticed an ogre
   788 | D:4      | Reached skill level 1 in Spellcasting
  1478 | D:4      | Reached XP level 4. HP: 24/33 MP: 5/5
  1579 | D:4      | Found a staircase to the Ecumenical Temple.
  1586 | Temple   | Entered the Ecumenical Temple
  1886 | D:4      | Reached XP level 5. HP: 14/37 MP: 5/7
  3044 | D:5      | Reached XP level 6. HP: 37/44 MP: 8/8
  3173 | D:5      | Killed Ijyb
  3176 | D:5      | HP: 2/44 [poisoned by a scorpion]
  3177 | D:5      | Succumbed to a scorpion's poison

Illustrated notes

Levels and vault maps discovered:
D:4:      nicolae_cairo_tiling_large, layout_basic,
          minmay_temple_entry_gardened_gates
D:5:      layout_basic, uniq_ijyb
Temple:   eino_narrow_crystal_temple

Skill      XL: |  1  2  3  4  5 |
---------------+----------------+-----
Spellcasting   | 1 |  1.8
Long Blades    | 3 4 |  4.3
Fighting       | 4 |  4.4
Dodging        | 3 |  3.2
Stealth        | |  6.6

Action                   |  1- 3 |  4- 6 || total
-------------------------+-------+-------++-------
Melee: Falchion          |    20 |       ||    20
       Constrict         |     7 |    10 ||    17
       Tentacles         |     4 |    15 ||    19
       Long sword        |    22 |    45 ||    67
       Dagger            |       |     5 ||     5
 Stab: Sleeping          |     5 |     6 ||    11
Armor: Skin              |     6 |     4 ||    10
Dodge: Dodged            |    28 |    31 ||    59

Table legend: (Time is in decaauts)
 A = Elapsed time spent in this place.
 B = Non-inter-level travel time spent in this place.
 C = Inter-level travel time spent in this place.
 D = Time resting spent in this place.
 E = Time spent auto-exploring this place.
 F = Levels seen in this place.
 G = Mean time per level.
                   A        B        C        D        E       F      G
               +--------+--------+--------+--------+--------+-----+--------+
         Total |   3194 |   3152 |     42 |   1841 |    466 |   3 | 1064.7 |
       Dungeon |   2704 |   2671 |     33 |   1561 |    297 |   2 | 1352.0 |
        Temple |    490 |    481 |      9 |    280 |    169 |   1 |  490.0 |
               +--------+--------+--------+--------+--------+-----+--------+

Top non-repeatable levels by time:
     D:4: 1741 daAuts
     D:5: 962 daAuts
  Temple: 490 daAuts
